 Dungeon Crawl Stone Soup version 0.31.0-9-g3a7656b989 (webtiles) character file.

Game seed: 7721917873066235248

123 qw the Skirmisher (level 4, -7/25 HPs)
             Began as a Deep Elf Hunter on Feb 2, 2024.
             Killed by divine providence
             ... invoked by an orc priest
              (12 damage)
             ... on level 3 of the Dungeon.
             The game lasted 00:00:11 (1784 turns).

qw the Skirmisher (Deep Elf Hunter)                 Turns: 1784, Time: 00:00:11

Health: -7/25      AC: 10    Str: 10    XL:     4   Next: 80%
Magic:  6/6        EV: 11    Int: 14    God:
Gold:   152        SH:  0    Dex: 18    Spells: 3/3 levels left

rFire   . . .        a - +0 shortbow
rCold   . . .        (shield currently unavailable)
rNeg    . . .        h - +2 ring mail
rPois   .            j - +2 helmet
rElec   .            (no cloak)
rCorr   .            (no gloves)
SInv    .            (no boots)
Will    +....        (no amulet)
Stlth   +            g - ring of willpower
HPRegen 0.24/turn    (no ring)
MPRegen 0.10/turn

%: no passive effects
@: about to teleport
A: no striking features
a: no special abilities


You were on level 3 of the Dungeon.
You visited 1 branch of the dungeon, and saw 3 of its levels.

You collected 152 gold pieces.


   Skills:
 - Level 1.5 Fighting
 + Level 8.2 Ranged Weapons
 - Level 2.4 Dodging
 - Level 1.2 Stealth


You had 3 spell levels left.
You didn't know any spells.
Your spell library was empty.

Inventory:

Hand Weapons
 a - a +0 shortbow (weapon)
Armour
 h - a +2 ring mail (worn)
 j - a +2 helmet (worn)
Jewellery
 g - a ring of willpower (left hand)
Scrolls
 c - a scroll of identify
 d - a scroll of teleportation
Potions
 b - a potion of mutation {unknown}
 e - a potion of might
 f - a potion of curing {unknown}
 l - a potion of berserk rage {unknown}

Dungeon Overview and Level Annotations

Branches:
Dungeon (3/15)

Altars:
Gozag
Vehumet


Message History

The arrow hits the orc but does no damage.
The orc is severely wounded.
The orc priest hits you but does no damage.
The orc hits you but does no damage.
You shoot an arrow. The arrow hits the orc!
You kill the orc!
The orc priest barely misses you.
You shoot an arrow. The arrow hits the orc!
You kill the orc!
The orc priest misses you.
You shoot an arrow. The arrow hits the orc.
The orc is moderately wounded.
The orc barely misses you.
The orc priest hits you but does no damage.
You shoot an arrow. The arrow hits the orc!
You kill the orc!
The orc priest hits you from afar with a +0 trident.
The adder bites you.
You shoot an arrow. The arrow misses the adder.
The arrow hits the orc priest.
The orc priest is severely wounded.
The adder bites you but does no damage. The orc priest closely misses you.
You shoot an arrow. The arrow closely misses the adder.
The arrow closely misses the orc priest.
The adder misses you.
The orc priest hits you but does no damage.
The adder bites you but does no damage.
The orc priest invokes the aid of Beogh against you.
Beogh smites you!
You shoot an arrow.
The arrow hits the adder but does no damage.
The adder bites you but does no damage.
The orc priest calls down the wrath of Beogh upon you.
Beogh smites you!
1784 ||| READING 2 scrolls of teleportation.
As you read the scroll of teleportation, it crumbles to dust.
You feel strangely unstable. The adder bites you but does no damage.
The orc priest invokes the aid of Beogh against you.
Beogh smites you!
You die...

####### ## #.....# ..#
##.....##o..#
#......@So..+
#......##...# #.######
..... ##########.#######
.... #....##..........#
... #.#.......######.# ##
#.#####<..# #.#
#.........# #.#
####...#.#######.#########


You could see an orc priest, an adder and an orc.

Vanquished Creatures
  Robin (D:3)
  3 gnolls (D:2)
  An adder (D:2)
  2 dart slugs (D:1)
  A ribbon worm (D:2)
  3 orcs (D:3)
  4 endoplasms
  2 giant cockroaches
  7 goblins
  7 hobgoblins
  2 jackals (D:2)
  3 quokkas
  5 ball pythons
  2 bats (D:1)
  6 frilled lizards (D:1)
  8 kobolds
  4 rats
61 creatures vanquished.

Notes
Turn   | Place    | Note
-------+----------+-------------------------------------------
     0 | D:1      | qw the Deep Elf Hunter began the quest for the Orb.
     0 | D:1      | Reached XP level 1. HP: 12/12 MP: 3/3
     0 | D:1      | 0 ||| qw: Version: 0.3-a-155-g5e7d8dd
     0 | D:1      | 0 ||| qw: Game counter: 1283
     0 | D:1      | 0 ||| qw: Melee chars always use a shield: true
     0 | D:1      | 0 ||| qw: God list: Okawaru
     0 | D:1      | 0 ||| qw: Allow faded altars: false
     0 | D:1      | 0 ||| qw: Do Orc after clearing Dungeon:15 true
     0 | D:1      | 0 ||| qw: Do second Lair branch before Depths: true
     0 | D:1      | 0 ||| qw: Lair rune preference: random
     0 | D:1      | 0 ||| qw: Goals: Normal
     0 | D:1      | 0 ||| PLANNING D:1-11
   185 | D:1      | Reached skill level 6 in Ranged Weapons
   185 | D:1      | Reached XP level 2. HP: 16/16 MP: 4/4
   410 | D:1      | You fall into a shaft and drop 1 floor!
   427 | D:2      | 427 ||| UPGRADING to +0 ring mail.
   437 | D:2      | 437 ||| DROPPING +0 leather armour.
   438 | D:2      | 438 ||| UPGRADING to +0 helmet.
   443 | D:2      | 443 ||| READING scroll labelled VUMILIATUE.
   444 | D:2      | 444 ||| READING scroll labelled GAISIWAIDI.
   445 | D:2      | 445 ||| READING 3 scrolls labelled JELLYU ALOA.
   446 | D:2      | 446 ||| READING scroll labelled PYWNUD LAYFA.
   447 | D:2      | 447 ||| READING scroll labelled ZUIMNE AN BUMM.
   447 | D:2      | 447 ||| IDENTIFYING fizzy sapphire potion
   448 | D:2      | 448 ||| READING scroll labelled NETEED JEBUK.
   448 | D:2      | 448 ||| ENCHANTING +0 helmet.
   449 | D:2      | 449 ||| DROPPING scroll of butterflies.
   450 | D:2      | 450 ||| DROPPING 2 scrolls of blinking.
   452 | D:2      | 452 ||| Stepping ~*~*~tactically~*~*~ (cloud).
   456 | D:2      | HP: 4/16 [poisoned by you (poison gas)]
   524 | D:2      | 524 ||| FLEEEEING.
   525 | D:2      | 525 ||| FLEEEEING.
   528 | D:2      | 528 ||| FLEEEEING.
   529 | D:2      | 529 ||| FLEEEEING.
   530 | D:2      | 530 ||| STAIRDANCE
   600 | D:1      | Found a faded altar of an unknown god.
   623 | D:1      | Reached XP level 3. HP: 13/20 MP: 5/5
   891 | D:2      | 891 ||| STAIRDANCE
   940 | D:2      | Reached skill level 7 in Ranged Weapons
  1038 | D:2      | 1038 ||| READING scroll of enchant armour.
  1038 | D:2      | 1038 ||| ENCHANTING +1 helmet.
  1213 | D:2      | Reached XP level 4. HP: 25/25 MP: 6/6
  1405 | D:2      | 1405 ||| READING scroll of enchant armour.
  1405 | D:2      | 1405 ||| ENCHANTING +0 ring mail.
  1410 | D:2      | 1410 ||| UPGRADING to ring of willpower.
  1411 | D:2      | 1411 ||| READING 2 scrolls labelled ULLOGU MOSTERGH.
  1412 | D:2      | 1412 ||| READING 3 scrolls labelled LOYR WESKAS BIWNO.
  1416 | D:2      | 1416 ||| READING scroll labelled HILESHR GOMEEMU.
  1517 | D:2      | 1517 ||| DRINKING 2 puce potions.
  1518 | D:2      | 1518 ||| DRINKING 2 dark potions.
  1519 | D:2      | 1519 ||| DROPPING scroll of revelation.
  1520 | D:2      | 1520 ||| DROPPING potion of brilliance.
  1521 | D:2      | 1521 ||| DROPPING potion of attraction.
  1532 | D:3      | Found a radiant altar of Vehumet.
  1563 | D:3      | 1563 ||| READING scroll of enchant armour.
  1563 | D:3      | 1563 ||| ENCHANTING +1 ring mail.
  1594 | D:3      | Noticed Robin
  1618 | D:3      | Killed Robin
  1619 | D:3      | Reached skill level 8 in Ranged Weapons
  1619 | D:3      | 1619 ||| FLEEEEING.
  1620 | D:3      | 1620 ||| FLEEEEING.
  1621 | D:3      | 1621 ||| FLEEEEING.
  1622 | D:3      | 1622 ||| FLEEEEING.
  1623 | D:3      | 1623 ||| FLEEEEING.
  1624 | D:3      | 1624 ||| FLEEEEING.
  1625 | D:3      | 1625 ||| FLEEEEING.
  1626 | D:3      | 1626 ||| FLEEEEING.
  1627 | D:3      | 1627 ||| FLEEEEING.
  1628 | D:3      | 1628 ||| FLEEEEING.
  1629 | D:3      | 1629 ||| FLEEEEING.
  1630 | D:3      | 1630 ||| FLEEEEING.
  1631 | D:3      | 1631 ||| FLEEEEING.
  1667 | D:3      | Found an opulent altar of Gozag.
  1771 | D:3      | 1771 ||| RETREEEEATING.
  1783 | D:3      | HP: 5/25 [orc priest/divine providence (9)]
  1784 | D:3      | 1784 ||| READING 2 scrolls of teleportation.
  1784 | D:3      | Killed from afar by an orc priest

Levels and vault maps discovered:
D:1:      dpeg_arrival_long_road, layout_loops_ring,
          chequers_ecumenical_altar_simple_redux
D:2:      layout_basic, kennysheep_generic_room_5
D:3:      layout_basic, lemuel_crystal_altar, nicolae_gozag_seed_capital,
          uniq_robin

Skill      XL: |  1  2  3  4 |
---------------+-------------+-----
Ranged Weapons | 6 7 8 |  8.2
Fighting       | |  1.5
Dodging        | |  2.4
Stealth        | |  1.2

Action                     |  1- 3 |  4- 6 || total
---------------------------+-------+-------++-------
   Fire: Shortbow          |   102 |    70 ||   172
    Use: Scroll            |     7 |     6 ||    13
         Potion            |       |     2 ||     2
 Armour: Leather armour    |     2 |       ||     2
         Ring mail         |    18 |    35 ||    53
  Dodge: Dodged            |    16 |    24 ||    40

Table legend:
 A = Non-vault XP
 B = Vault XP
 C = Vault XP percentage of total XP
 D = Non-vault monster count
 E = Vault monster count
 F = Vault count percentage of total count
                 A         B        C        D         E       F
            +---------+---------+-------+---------+---------+-------
      Total |     144 |      33 |  18.6 |      51 |      10 |  16.4
            +---------+---------+-------+---------+---------+-------
        D:1 |      37 |       0 |   0.0 |      22 |       0 |   0.0
        D:2 |      96 |       3 |   3.0 |      24 |       2 |   7.7
        D:3 |      11 |      30 |  73.2 |       5 |       8 |  61.5
            +---------+---------+-------+---------+---------+-------
